AoeStats
← Random

Nomad

508084681Analyzed
4v4 RM · 13d ago on Sep 20, 2026· 50m 24s· 8 players
Game mode
Random Map
Map size
231×231
Population
200
Speed
Normal
Resources
Standard
Victory
Conquest
Starting age
Dark Age
Ending age
Imperial Age
RankedLock teamsTeams togetherTeam positionsShared explorationLock speedFull tech treeHidden civsTurbo modeCheats
Victory
Defeat
🇺🇸 Maya · United States
1583
+15
🇺🇸 Bulgarians · United States
1580
+15
🇦🇷 Berbers · Argentina
1572
+16
🇺🇸 Britons · United States
1513
+18
🇭🇰 Armenians · Hong Kong SAR China
1634
-19
🇫🇷 Italians · France
1596
-17
🇹🇷 Vikings · Türkiye
1515
-14
🇭🇰 Mongols · Hong Kong SAR China
1507
-14
busy pushing deer
12:49 Feudal Age
13:22 Double-Bit Axe
13:43 Gold Mining
19:18 Wheelbarrow
18:29 Town Watch
18:31 Loom
20:28 Horse Collar
23:59 Castle Age
22:20 Stone Mining
25:02 Bow Saw
25:38 Fletching
26:03 Fervor
26:15 Sanctity
26:48 Heavy Plow
30:04 Ballistics
33:31 Gold Shaft Mining
34:49 Bodkin Arrow
34:55 Padded Archer Armor
38:43 Imperial Age
37:35 Treadmill Crane
38:34 Hand Cart
39:21 Yeomen
39:51 Bracer
40:54 Chemistry
41:28 Two-Man Saw
40:03 Capped Ram
41:09 Elite Longbowman
42:21 Leather Archer Armor
41:58 Guard Tower
43:14 Ring Archer Armor
42:31 Arrowslits
44:36 Keep
44:07 Siege Engineers
47:41 Warwolf
50:13 Onager
YOGRANNYCANTSCRAP
14:36 Feudal Age
18:00 Castle Age
16:40 Double-Bit Axe
17:30 Town Watch
20:19 Bow Saw
21:24 Fletching
22:42 Bodkin Arrow
22:58 Padded Archer Armor
27:56 Imperial Age
26:39 Leather Archer Armor
28:44 Ballistics
28:50 Loom
30:17 Bracer
32:02 Chemistry
33:53 Conscription
34:26 Wheelbarrow
33:35 Horse Collar
35:58 Gold Mining
36:00 Stone Mining
36:50 Hand Cart
40:50 Ring Archer Armor
40:45 Eagle Warrior
41:59 Scale Mail Armor
42:09 Forging
42:46 Holcans
42:47 Thumb Ring
45:47 Two-Man Saw
46:43 Fishing Lines
48:55 Chain Mail Armor
49:16 Squires
50:26 Iron Casting
Random
12:52 Feudal Age
15:31 Forging
16:53 Double-Bit Axe
16:48 Horse Collar
21:35 Castle Age
20:52 Loom
20:54 Town Watch
21:19 Fishing Lines
22:37 Medium Warships
22:18 Gillnets
23:52 Iron Casting
24:25 Fletching
26:20 Scale Barding Armor
27:24 Chain Barding Armor
27:50 Bow Saw
31:04 Bloodlines
37:05 Wheelbarrow
42:18 Imperial Age
42:31 Imperial Age
41:34 Gold Mining
41:51 Heavy Plow
43:50 Plate Barding Armor
43:33 Cavalier
44:14 Husbandry
44:10 Light Cavalry
46:25 Conscription
49:20 Blast Furnace
47:52 Hussar
LVDB_NicolasRT
5:24 Loom
13:24 Feudal Age
13:53 Feudal Age
17:32 Castle Age
15:54 Fishing Lines
16:32 Double-Bit Axe
16:42 Town Watch
17:39 Fletching
18:57 Bodkin Arrow
20:01 Padded Archer Armor
24:14 Wheelbarrow
25:51 Gillnets
31:19 Imperial Age
29:16 Gold Mining
30:43 Horse Collar
32:41 Conscription
32:35 Bracer
36:31 Chemistry
37:16 Ballistics
39:46 Husbandry
39:58 Bloodlines
40:38 Leather Archer Armor
41:25 Ring Archer Armor
42:43 Thumb Ring
43:28 Scale Barding Armor
43:55 Bow Saw
45:41 Chain Barding Armor
46:55 Gold Shaft Mining
46:10 Stone Mining
46:22 Heavy Plow
48:05 Hand Cart
48:39 Plate Barding Armor
48:15 Forging
48:07 Elite Camel Archer
48:57 Maghrebi Camels
48:58 Kasbah
49:34 Hoardings
48:48 Treadmill Crane
50:46 Stone Shaft Mining
50:43 Crop Rotation
Dark Horse
4:22 Loom
5:25 Loom
13:32 Feudal Age
14:04 Double-Bit Axe
17:37 Castle Age
15:34 Fishing Lines
16:29 Gold Mining
18:30 Medium Warships
18:12 Gillnets
18:36 Bow Saw
20:58 Town Watch
23:27 Fletching
24:57 Clinker Construction
25:34 Careening
29:34 Imperial Age
27:22 Horse Collar
28:13 Squires
28:14 Scale Mail Armor
28:25 Forging
29:09 Arson
29:42 Chain Mail Armor
30:42 Wheelbarrow
30:58 Iron Casting
31:22 Plate Mail Armor
31:15 Bodkin Arrow
31:28 Capped Ram
33:03 Stone Mining
35:12 Blast Furnace
34:13 Bracer
34:35 Ballistics
39:06 Conscription
38:55 Pikeman
45:59 Town Patrol
47:03 Chemistry
45:44 Treadmill Crane
46:14 Masonry
Kr4mer
6:01 Loom
14:14 Feudal Age
18:42 Castle Age
16:30 Double-Bit Axe
17:28 Fishing Lines
18:31 Fletching
19:39 Medium Warships
19:52 Bodkin Arrow
20:54 Gold Mining
25:01 Horse Collar
27:45 Town Watch
29:10 Heavy Plow
29:53 Stone Mining
30:38 Bow Saw
37:57 Imperial Age
35:49 Padded Archer Armor
37:18 Leather Archer Armor
37:47 Gold Shaft Mining
37:42 Ballistics
37:05 Crossbowman
39:38 Chemistry
38:00 Arbalester
38:42 Bracer
40:18 Elite Skirmisher
41:55 Conscription
42:40 Ring Archer Armor
mochichi4
4:46 Loom
13:12 Feudal Age
17:21 Castle Age
16:47 Double-Bit Axe
18:30 Fletching
27:39 Town Watch
34:32 Stone Mining
36:35 Horse Collar
40:10 Bodkin Arrow
41:14 Padded Archer Armor
大庆Song
11:07 Loom
14:41 Feudal Age
18:45 Castle Age
17:17 Double-Bit Axe
17:33 Stone Mining
18:35 Horse Collar
28:34 Ballistics
34:17 Fletching
44:17 Wheelbarrow
44:34 Bow Saw
50:20 Wheelbarrow
49:40 Gold Mining
Connection lost

Rejoining the realm…

Still unreachable

The connection could not be restored.

Session expired

The server has moved on; the page needs a fresh start.